 Dungeon Crawl Stone Soup version 0.26-a0-158-g66bac3cce0 (webtiles) character file.

Game seed: 11500829572557114824

6687 gruber the Protected (level 10, -2/80 HPs)
             Began as a Minotaur Fighter on July 2, 2020.
             Was a Priest of Okawaru.
             Slain by a vampire (5 damage)
             ... on level 12 of the Dungeon.
             The game lasted 00:09:46 (8374 turns).

gruber the Protected (Minotaur Fighter)             Turns: 8374, Time: 00:09:46

Health: -2/80      AC: 17    Str: 24    XL:     10   Next: 73%
Magic:  11/12      EV:  9    Int:  5    God:    Okawaru [***...]
Gold:   412        SH: 11    Dex: 10    Spells: 9/9 levels left

rFire    . . .     SeeInvis .   r - +0 broad axe
rCold    + . .     Faith    .   c - +0 kite shield
rNeg     + . .     Spirit   .   p - +0 plate armour
rPois    .         Reflect  .   (helmet restricted)
rElec    .         Harm     .   J - +0 cloak
rCorr    .                      (no gloves)
MR       .....                  T - +0 pair of boots
Stlth    ..........             h - amulet of regeneration
HPRegen  0.63/turn              s - ring of positive energy
MPRegen  0.13/turn              L - ring of protection from cold

@: mighty, heroism, corroded
A: retaliatory headbutt, horns 2
a: Heroism, Renounce Religion


You were on level 12 of the Dungeon.
You worshipped Okawaru.
Okawaru was most pleased with you.
You were not hungry.

You visited 2 branches of the dungeon, and saw 12 of its levels.

You collected 548 gold pieces.
You spent 136 gold pieces at shops.

Inventory:

Hand Weapons
 a - a +4 mace
 r - a +0 broad axe (weapon)
Missiles
 g - 15 silver javelins
 w - 4 javelins (quivered)
 E - 3 throwing nets
Armour
 b - a +0 scale mail
 c - a +0 kite shield (worn)
 p - a +0 plate armour (worn)
 J - a +0 cloak (worn)
 T - a +0 pair of boots (worn)
Jewellery
 h - an amulet of regeneration (around neck)
 s - a ring of positive energy (left hand)
 H - an uncursed ring of fire
 L - a ring of protection from cold (right hand)
Wands
 m - a wand of random effects (22)
 B - a wand of flame (15)
 O - a wand of polymorph (9)
 S - a wand of clouds (7)
Scrolls
 e - 5 scrolls of teleportation
 i - 2 scrolls of noise {unknown}
 j - 3 scrolls of remove curse {unknown}
 k - 2 scrolls of immolation {unknown}
 n - 3 scrolls of amnesia {unknown}
 v - 8 scrolls of identify {unknown}
 y - 3 scrolls of blinking
 z - 3 scrolls of magic mapping {unknown}
 A - a scroll of fear {unknown}
 F - a scroll of enchant armour {unknown}
 M - a scroll of summoning {unknown}
 N - 2 scrolls of vulnerability {unknown}
 P - a scroll of enchant weapon {unknown}
 U - a scroll of random uselessness {unknown}
Potions
 d - 4 potions of might
 l - 5 potions of curing {unknown}
 o - 5 potions of lignification {unknown}
 q - a potion of cancellation {unknown}
 t - 2 potions of heal wounds {unknown}
 u - a potion of flight {unknown}
 x - 2 potions of stabbing {unknown}
 C - a potion of magic {unknown}
 D - a potion of berserk rage {unknown}
 G - 2 potions of haste {unknown}
 I - 2 potions of mutation {unknown}
 K - a potion of brilliance {unknown}
 Q - a potion of invisibility {unknown}
Comestibles
 f - 19 rations
 R - 12 chunks of flesh


   Skills:
 * Level 4.6(9.6) Fighting
 - Level 11.8(17.3) Axes
 - Level 5.8(14.7) Maces & Flails
 - Level 13.3(18.3) Armour
 - Level 3.6(8.6) Shields
 - Level 4.0 Invocations


You had 9 spell levels left.
You didn't know any spells.
Your spell library was empty.

Dungeon Overview and Level Annotations

Branches:
Dungeon (10/15)            Temple (1/1) D:7            Lair (0/6) D:9
    Orc: D:9-12

Altars:
Ashenzari
Cheibriados
Elyvilon
Hepliaklqana
Makhleb
Nemelex Xobeh
Okawaru
Ru
Sif Muna
Trog
Uskayaw
Vehumet
Xom
Yredelemnul

Shops:
D:5 *%*

Annotations:
D:8 exclusion: oklob plant
D:9 2 runed translucent doors, kal9871's ghost, journeyman HaHu
D:12 Frances


Innate Abilities, Weirdness & Mutations

You reflexively headbutt those who attack you in melee.
You have a pair of horns on your head.


Message History

The red devil burns you.
* * * LOW HITPOINT WARNING * * *
Unknown command.
Your plate armour prevents you from hitting Frances.
You headbutt Frances, but do no damage.
Frances is severely wounded.
You hit something but do no damage. You slice the rust devil!!
You kill the rust devil!
Frances hits you but does no damage. You block something's attack.
Something bites you but does no damage.
Unknown command.
You barely miss Frances. You headbutt Frances.
Frances is severely wounded.
You completely miss something.
The red devil hits you from afar with a +2 demon trident of flaming.
* * * LOW HITPOINT WARNING * * *
The red devil burns you.
* * * LOW HITPOINT WARNING * * *
Something hits you.
You die...

.. . .. ..#.
#.## #..# .>.#
..## # . #..
...##.#..
#.##........
#..#..#.....
######.{>.......
.......@........
#.....@.........
.....4.#........
.[..............
.......#........
................
.........#.....#
.......$....#...


You could see Frances and a red devil (summoned).

Vanquished Creatures
  Pikel (D:7)
  3 trolls
  A wraith (D:9)
  4 yaks (D:8)
  Grum (D:8)
  2 hungry ghosts (D:7)
  A water moccasin (D:5)
  3 ice beasts
  4 sky beasts
  4 orc warriors
  7 ogres
  2 slaves (D:7)
  An eye of draining (D:10)
  2 phantoms
  A black bear (D:6)
  4 centaurs
  2 wolves (D:8)
  4 big kobolds
  2 bullfrogs
  A wyvern zombie (D:12)
  4 scorpions
  A howler monkey (D:6)
  A centaur zombie (D:9)
  4 orc priests
  A hound (D:4)
  8 orc wizards
  Crazy Yiuf (D:7)
  A jelly (D:8)
  A bullfrog skeleton (D:5)
  2 centaur skeletons
  An iron imp (D:4)
  Jessica (D:2)
  2 iguanas
  9 worker ants
  A hound zombie (D:5)
  2 hound skeletons
  A worker ant zombie (D:7)
  12 adders
  4 gnolls
  A shadow imp (D:5)
  A white imp (D:5)
  2 ufetubi
  An ooze (D:4)
  An adder skeleton (D:9)
  An adder zombie (D:6)
  2 worms
  2 dart slugs (D:1)
  5 leopard geckos
  39 orcs
  5 bats
  4 giant cockroaches
  4 goblins
  8 hobgoblins
  8 jackals
  5 quokkas
  A ball python (D:1)
  5 frilled lizards
  A giant cockroach zombie (D:5)
  28 kobolds
  A leopard gecko skeleton (D:4)
  A leopard gecko zombie (D:7)
  6 rats
239 creatures vanquished.

Notes
Turn   | Place    | Note
-------+----------+-------------------------------------------
     0 | D:1      | gruber the Minotaur Fighter began the quest for the Orb.
     0 | D:1      | Reached XP level 1. HP: 19/19 MP: 0/0
    87 | D:1      | Reached XP level 2. HP: 25/26 MP: 1/1
   357 | D:1      | Reached XP level 3. HP: 31/31 MP: 2/2
   974 | D:2      | Reached skill level 5 in Maces & Flails
   982 | D:2      | Reached XP level 4. HP: 15/39 MP: 3/3
  1147 | D:2      | Noticed Jessica
  1152 | D:2      | Killed Jessica
  1271 | D:2      | Found a shimmering altar of Xom.
  1279 | D:2      | Found a shimmering altar of Xom.
  1280 | D:2      | Found a shimmering altar of Xom.
  1280 | D:2      | Found a shimmering altar of Xom.
  1746 | D:3      | Reached skill level 1 in Axes
  2344 | D:3      | Reached XP level 5. HP: 45/45 MP: 4/4
  2618 | D:4      | Reached XP level 6. HP: 47/51 MP: 5/5
  2622 | D:4      | Reached skill level 5 in Axes
  2980 | D:4      | Reached XP level 7. HP: 57/57 MP: 6/6
  3094 | D:4      | Found a snail-covered altar of Cheibriados.
  3369 | D:5      | Entered Level 5 of the Dungeon
  3565 | D:5      | Reached XP level 8. HP: 27/64 MP: 7/7
  3685 | D:5      | Found Aranluack's General Store.
  3700 | D:5      | Found Reabless's Food Shoppe.
  3712 | D:5      | Reached skill level 10 in Axes
  4340 | D:5      | Found Muru Walidd's General Store.
  4501 | D:5      | Bought a scroll of teleportation for 39 gold pieces
  4501 | D:5      | Bought a scroll of blinking for 97 gold pieces
  4601 | D:6      | Reached skill level 4 in Armour
  4612 | D:6      | Reached skill level 5 in Armour
  4871 | D:6      | Reached XP level 9. HP: 67/70 MP: 8/8
  4909 | D:6      | Reached skill level 6 in Armour
  5355 | D:7      | Found a bloodstained altar of Trog.
  5372 | D:7      | Reached skill level 7 in Armour
  5404 | D:7      | Found a staircase to the Ecumenical Temple.
  5443 | Temple   | Entered the Ecumenical Temple
  5579 | Temple   | Became a worshipper of Warmaster Okawaru
  5654 | D:7      | Reached skill level 8 in Armour
  5731 | D:7      | Reached skill level 9 in Armour
  5864 | D:7      | Noticed a troll
  5869 | D:7      | Killed a troll
  5903 | D:7      | Reached * piety under Okawaru
  5912 | D:7      | Reached skill level 10 in Armour
  6172 | D:7      | Noticed Pikel
  6195 | D:7      | Killed Pikel
  6195 | D:7      | Reached skill level 11 in Armour
  6217 | D:7      | Found a runed translucent door.
  6218 | D:7      | Noticed Crazy Yiuf
  6353 | D:7      | Killed Crazy Yiuf
  6438 | D:8      | Reached ** piety under Okawaru
  6523 | D:8      | Noticed Grum
  6532 | D:8      | Killed Grum
  6532 | D:8      | Reached XP level 10. HP: 39/77 MP: 6/9
  6686 | D:8      | Found a white marble altar of Elyvilon.
  6686 | D:8      | Noticed an oklob plant
  6976 | D:8      | Reached skill level 12 in Armour
  7390 | D:9      | Reached skill level 13 in Armour
  7406 | D:9      | Reached *** piety under Okawaru
  7577 | D:9      | Found a large runed translucent door.
  7577 | D:9      | Found a large runed translucent door.
  7579 | D:9      | Noticed kal9871's ghost (journeyman HaHu)
  7627 | D:9      | Reached skill level 1 in Invocations
  7888 | D:9      | Found a staircase to the Lair.
  8015 | D:10     | Entered Level 10 of the Dungeon
  8356 | D:10     | You fall into a shaft and drop 2 floors!
  8356 | D:12     | Noticed Frances
  8361 | D:12     | Noticed a rust devil
  8374 | D:12     | HP: 3/80 [red devil/+2 demon trident of flaming[Frances]
                  | (2)]
  8374 | D:12     | Slain by a vampire

Illustrated notes

Levels and vault maps discovered:
D:1:      dpeg_arrival_lava_temple_mockup, layout_basic
D:2:      cheibrodos_helix_gallery, layout_rooms, xom_redecorated,
          minmay_pentomino_z4, uniq_jessica
D:3:      layout_loops_ring, gup_sewer_entry_bubbles,
          hangedman_decor_diamond_cutter
D:4:      layout_loops_ring, first_ration, chei_slow_surprise
D:5:      kennysheep_six_static_rooms, layout_loops_ring, serial_shops, shop,
          kennysheep_mini_moat, shop
D:6:      layout_loops_ring
D:7:      minmay_inner_zag, layout_basic, temple_pool_b, basic_altar,
          uniq_crazy_yiuf_cottage, uniq_pikel
D:8:      layout_cave_pods, lemuel_oklob_altar, uniq_grum
D:9:      layout_rooms, lair_entry_dummy, ebering_ghost_disaster_area,
          grunt_ogre_cave
D:10:     layout_irregular_city
D:12:     layout_rooms, david_orc_4, ebering_ghost_rock_garden,
          kennysheep_big_empty_room, uniq_frances
Temple:   regret_index_temple_sigil_plot

Skill      XL: |  1  2  3  4  5  6  7  8  9 10 |
---------------+-------------------------------+-----
Maces & Flails | 3 4 5 |  5.8
Axes           | 2 4 7 9 11 | 11.8
Armour         | 5 11 13 | 13.3
Invocations    | 4 |  4.0
Fighting       | 4 |  4.6
Shields        | |  3.6

Action                   |  1- 3 |  4- 6 |  7- 9 | 10-12 || total
-------------------------+-------+-------+-------+-------++-------
Melee: Flail             |    87 |    11 |       |       ||    98
       Headbutt          |     7 |    17 |    67 |    36 ||   127
       Broad axe         |       |   122 |   398 |   177 ||   697
Invok: Heroism           |       |       |     1 |     3 ||     4
  Use: Potion            |       |       |       |     1 ||     1
  Eat: Chunk             |       |     7 |    18 |     6 ||    31
       Ration            |       |       |     3 |       ||     3
Armor: Scale mail        |    45 |    11 |       |       ||    56
       Plate armour      |       |    51 |   210 |   106 ||   367
Dodge: Dodged            |    38 |    23 |    55 |    41 ||   157
Block: Kite shield       |    50 |    59 |   147 |    83 ||   339

Table legend:
 A = Non-vault XP
 B = Vault XP
 C = Vault XP percentage of total XP
 D = Non-vault monster count
 E = Vault monster count
 F = Vault count percentage of total count
                 A         B        C        D         E       F
            +---------+---------+-------+---------+---------+-------
      Total |    7164 |    2389 |  25.0 |     210 |      27 |  11.4
            +---------+---------+-------+---------+---------+-------
        D:1 |      70 |       0 |   0.0 |      31 |       0 |   0.0
        D:2 |      32 |      44 |  57.9 |      10 |       5 |  33.3
        D:3 |      46 |      37 |  44.6 |      13 |       7 |  35.0
        D:4 |     791 |      39 |   4.7 |      32 |       1 |   3.0
        D:5 |    1008 |     370 |  26.9 |      23 |       3 |  11.5
        D:6 |     771 |       0 |   0.0 |      24 |       0 |   0.0
        D:7 |     842 |    1363 |  61.8 |      19 |       7 |  26.9
        D:8 |    1222 |     420 |  25.6 |      15 |       3 |  16.7
        D:9 |    1688 |     116 |   6.4 |      22 |       1 |   4.3
       D:10 |     610 |       0 |   0.0 |      20 |       0 |   0.0
       D:12 |      84 |       0 |   0.0 |       1 |       0 |   0.0
            +---------+---------+-------+---------+---------+-------
